 Dungeon Crawl Stone Soup version 0.30-a0-457-g4b7bca3bfa (webtiles) character file.

Game seed: 12136915814216964116

111260 purpskrrrp the Bludgeoner (level 16, -3/108 HPs)
             Began as a Gargoyle Fighter on Dec 5, 2022.
             Was the Champion of Trog.
             Slain by a kraken (19 damage)
             ... on level 1 of the Shoals on Dec 12, 2022.
             The game lasted 01:38:00 (23156 turns).

purpskrrrp the Bludgeoner (Gargoyle Fighter)       Turns: 23156, Time: 01:38:00

Health: -3/108     AC: 30    Str: 46    XL:     16   Next: 57%
Magic:  5/5        EV: 11    Int:  9    God:    Trog [******]
Gold:   2195       SH:  7    Dex:  8    Spells: 15/15 levels left

rFire   + . .      SeeInvis .    a - +5 eveningstar (antimagic)
rCold   + + +      Faith    +    c - +1 buckler
rNeg    + . .      Spirit   .    i - +4 troll leather armour {Pargi}
rPois   ∞          Reflect  .    L - +2 helmet
rElec   +          Harm     +    (no cloak)
rCorr   +          Rampage  .    H - +0 pair of gloves of Resonance {*Corrode rC+++ Will++}
Will    +++..                    (no boots)
Stlth   +.........               s - amulet of Ruliuq {Faith Harm +Inv rF+ Str+3}
HPRegen 1.18/turn                J - ring of Laddoega {rC+ Str+6}
MPRegen 0.09/turn                N - ring of Xom's Full Attention {rCorr Str+6 Slay+3}

@: flying
A: sickness immunity, AC +12, big wings, negative energy resistance 1,
electricity resistance, torment resistance 1, petrification resistance,
iridescent scales 1, strong 1
a: Renounce Religion, Evoke Invisibility, Berserk, Trog's Hand, Brothers in Arms


You were on level 1 of the Shoals.
You worshipped Trog.
Trog was exalted by your worship.
You visited 5 branches of the dungeon, and saw 24 of its levels.
You also visited: Sewer, Ossuary, Bailey and Volcano.

You collected 3365 gold pieces.
You spent 1170 gold pieces at shops.

Inventory:

Hand Weapons
 a - a +5 antimagic eveningstar (weapon)
 p - a +9 great mace of protection
Armour
 c - a +1 buckler (worn)
 i - a +4 troll leather armour (worn) {Pargi}
 H - the +0 pair of gloves of Resonance (worn) {*Corrode rC+++ Will++}
   (You bought it in a shop on level 1 of the Dungeon)

   rC:        It renders you almost immune to cold.
   *Corrode:  It may corrode you when you take damage.
   Will:      It greatly increases your willpower.
 L - a +2 helmet (worn)
 Q - the +1 plate armour of Moqul {rN+ Will+ rCorr Int-2}
   (You bought it in a shop on level 2 of the Orcish Mines)

   Int:       It affects your intelligence (-2).
   rN:        It protects you from negative energy.
   rCorr:     It protects you from acid and corrosion.
   Will:      It increases your willpower.
Jewellery
 f - a ring of magical power
 g - a +6 ring of strength
 h - a ring of ice
 o - a ring of positive energy
 r - a ring of resist corrosion
 s - the amulet of Ruliuq (around neck) {Faith Harm +Inv rF+ Str+3}
   (You found it on level 14 of the Dungeon)

   [amulet of faith]

   It allows you to gain divine favour quickly.
   Str:       It affects your strength (+3).
   rF:        It protects you from fire.
   +Inv:      It lets you turn invisible.
   Harm:      It increases damage dealt and taken.
 y - a ring of ice
 B - a +4 ring of protection
 C - a ring of willpower
 D - an amulet of guardian spirit
 E - the ring of Zoosein {rPois MP+9 Str+3 Int-4 SInv}
   (You found it on level 5 of the Lair of Beasts)

   [ring of see invisible]

   Str:       It affects your strength (+3).
   Int:       It affects your intelligence (-4).
   rPois:     It protects you from poison.
   MP:        It affects your magic capacity (+9).
   SInv:      It lets you see invisible.
 J - the ring of Laddoega (left hand) {rC+ Str+6}
   (You found it on level 6 of the Dungeon)

   [ring of strength]

   Str:       It affects your strength (+6).
   rC:        It protects you from cold.
 M - an amulet of reflection
 N - the ring of Xom's Full Attention (right hand) {rCorr Str+6 Slay+3}
   (You found it on level 5 of the Lair of Beasts)

   [ring of resist corrosion]

   Str:       It affects your strength (+6).
   Slay:      It affects your accuracy & damage with ranged weapons and melee
   (+3).
   rCorr:     It protects you from acid and corrosion.
 O - an amulet of the acrobat
 P - a ring of ice
 Y - a ring of willpower
Wands
 j - a wand of polymorph (10)
 k - a wand of mindburst (9)
 F - a wand of flame (18)
 I - a wand of charming (12)
 V - a wand of roots (8)
Scrolls
 d - 2 scrolls of fog
 e - 9 scrolls of teleportation
 n - 2 scrolls of brand weapon
 x - a scroll of fear
 G - 4 scrolls of enchant armour
 R - a scroll of summoning
 S - 4 scrolls of immolation
Potions
 b - 3 potions of attraction
 l - a potion of cancellation
 m - 5 potions of resistance
 q - 4 potions of lignification
 t - 2 potions of mutation
 u - 5 potions of might
 v - a potion of ambrosia
 w - 12 potions of curing
 z - 3 potions of flight
 K - a potion of haste


   Skills:
 + Level 15.1 Fighting
 * Level 18.9 Maces & Flails
 + Level 15.1 Armour
 + Level 2.4 Stealth
 + Level 13.4 Shields


You had 15 spell levels left.
You didn't know any spells.
Your spell library contained the following spells:

 Spells                   Type           Power      Damage    Failure   Level
 Magic Dart               Conj           0%         1d3       45%         1
 Shock                    Conj/Air       0%         1d3       45%         1
 Slow                     Hex            0%         N/A       45%         1
 Sting                    Tmut/Pois      0%         1d3       45%         1
 Call Imp                 Summ           0%         N/A       58%         2
 Poisonous Vapours        Pois/Air       0%         N/A       58%         2
 Scorch                   Fire           0%         2d5       58%         2
 Searing Ray              Conj           0%         2d4       58%         2
 Confusing Touch          Hex            0%         N/A       83%         3
 Dazzling Flash           Conj/Hex       0%         N/A       83%         3
 Inner Flame              Hex/Fire       0%         N/A       83%         3
 Mephitic Cloud           Conj/Pois/Air  0%         N/A       83%         3
 Summon Guardian Golem    Hex/Summ       0%         N/A       83%         3
 Vampiric Draining        Necr           0%         2d6       83%         3
 Animate Dead             Necr           0%         N/A       99%         4
 Cause Fear               Hex            0%         N/A       99%         4
 Flame Wave               Conj/Fire      0%         2d4       99%         4
 Fulminant Prism          Conj/Hex       0%         3d5       99%         4
 Iskenderun's Mystic Bla  Conj/Tloc      0%         2d3       99%         4
 Olgreb's Toxic Radiance  Pois           0%         N/A       99%         4
 Summon Lightning Spire   Summ/Air       0%         N/A       99%         4
 Summon Forest            Summ/Tloc      0%         N/A       100%        5
 Summon Mana Viper        Hex/Summ       0%         N/A       100%        5
 Starburst                Conj/Fire      0%         6d3       100%        6
 Summon Cactus Giant      Summ           0%         N/A       100%        6
 Haunt                    Necr/Summ      0%         N/A       100%        7
 Orb of Destruction       Conj           0%         9d5       100%        7
 Spellforged Servitor     Conj/Summ      0%         N/A       100%        7
 Storm Form               Tmut/Air       0%         N/A       100%        7
 Discord                  Hex            0%         N/A       100%        8
 Infestation              Necr           0%         N/A       100%        8
 Maxwell's Capacitive Co  Air            0%         ∞         100%        8


Dungeon Overview and Level Annotations

Branches:
Dungeon (15/15)            Temple (1/1) D:6            Lair (5/5) D:11
 Shoals (1/4) Lair:3       Spider (0/4) Lair:2        Slime (0/5) Lair:5
    Orc (2/2) D:9             Elf (0/3) Orc:2        Vaults (0/5) D:13
 Depths (0/4) D:15          Sewer (visited)         Ossuary (visited)
 Bailey (visited)         Volcano (visited)

Altars:
Ashenzari
Cheibriados
Dithmenos
Elyvilon
Fedhas
Gozag
Hepliaklqana
Kikubaaqudgha
Makhleb
Nemelex Xobeh
Okawaru
Qazlal
Ru
Sif Muna
Trog
Uskayaw
Vehumet
Wu Jian
Xom
Yredelemnul
Zin
The Shining One
Jiyva

Shops:
D:1 *   D:3 =   Orc:2 ?(:[(   Shoals:1 (

Portals:
Trove: D:15 (show abyssal rune of Zot)


Innate Abilities, Weirdness & Mutations

You are immune to sickness and miasma.
Your stone body is resilient. (AC +12)
You are immune to poison.
Your large and strong wings let you fly.
You resist negative energy. (rN+)
You are resistant to electric shocks. (rElec)
You are resistant to unholy torment.
You are immune to petrification.
You are partially covered in iridescent scales. (AC +2)
Your muscles are strong. (Str +4, Int/Dex -1)


Message History

You are too injured to fight recklessly!
You are too injured to fight recklessly!
You are too injured to fight recklessly!
You are too injured to fight recklessly!
You are too injured to fight recklessly!
You are too injured to fight recklessly!
You are too injured to fight recklessly!
You are too injured to fight recklessly!
You are too injured to fight recklessly!
You are too injured to fight recklessly!
You are too injured to fight recklessly!
You are too injured to fight recklessly!
You are too injured to fight recklessly!
You are too injured to fight recklessly!
You are too injured to fight recklessly!
You completely miss the kraken.
The kraken is moderately wounded.
The tentacle barely misses you.
The tentacle slaps you but does no damage.
The kraken barely misses you. The tentacle closely misses you. x2
The tentacle slaps you!
* * * LOW HITPOINT WARNING * * *
The tentacle slaps you!
* * * LOW HITPOINT WARNING * * *
You feel much better.
The kraken bites you but does no damage.
The tentacle slaps you!
* * * LOW HITPOINT WARNING * * *
You block the tentacle's attack. x2; The tentacle slaps you.
* * * LOW HITPOINT WARNING * * *
The kraken completely misses you.
You pound the kraken like an anvil!!!
The kraken is severely wounded.
You block the tentacle's attack. x2
The tentacle slaps you but does no damage.
The tentacle slaps you!
* * * LOW HITPOINT WARNING * * *
A tentacle segment bursts forth from the water. x2
The kraken bites you!
You die...

≈≈≈~~~~~~~~....
≈≈≈~~~~~~~~~~~~........~
≈≈≈≈~~~~~~~~~~~...~~~.~~
≈≈≈≈~~~~~~~~~~..~~~~~~~~
≈≈≈≈≈~~~~~~~~~~~~~~~~~~~
≈≈≈≈≈≈~~~~~~~~~~~~~~~~~~
≈≈≈≈≈≈Xww≈≈~~~~~~~~~~~~~
≈≈≈≈≈≈w@≈≈≈≈≈~~~~~~~~~~~
≈≈≈≈≈≈w≈≈≈≈≈≈≈~~~≈≈≈≈≈≈≈
≈≈≈≈≈≈≈≈≈≈≈≈≈≈≈≈≈≈≈≈≈≈≈≈
≈≈≈≈≈≈≈≈≈≈≈≈≈≈≈≈≈≈≈≈≈≈≈≈
≈≈≈≈≈≈≈≈≈≈≈≈≈≈≈≈≈≈≈≈≈≈≈≈
≈≈≈≈≈≈≈≈≈≈≈≈≈≈≈≈≈≈≈≈≈≈≈≈
########################


You could see a kraken and 4 tentacles.

Vanquished Creatures
  A sphinx (D:14)
  Kirke (D:14)
  An orc warlord (Orc:2)
  A yaktaur captain (D:14)
  A rakshasa (D:14)
  4 hydras
  A catoblepas (Lair:4)
  A death knight (D:15)
  An alligator (Lair:5)
  7 centaur warriors
  2 orc high priests (Orc:2)
  3 two-headed ogres
  6 boulder beetles
  6 death yaks (Lair:1)
  4 tengu warriors
  A deep troll earth mage (D:14)
  Urug (D:10)
  Nergalle (Lair:1)
  A hell knight (Volcano)
  A fire crab (Lair:5)
  A skeletal warrior (D:14)
  A sea snake (Shoals:1)
  A flayed ghost (D:14)
  A wizard (D:15)
  A necromancer (D:15)
  10 deep elf pyromancers
  6 orc knights
  12 ugly things
  9 orc sorcerers
  A wolf spider (Lair:5)
  A wolf spider zombie (D:15)
  5 cyclopes
  3 fauns (Shoals:1)
  18 elephants
  A guardian serpent (Lair:5)
  7 manticores
  A merfolk siren (Shoals:1)
  A torpor snail (Lair:5)
  8 black mambas
  A centaur zombie (D:15)
  15 cane toads
  Joseph (D:8)
  Maggie (Lair:1)
  A rime drake (Lair:3)
  4 yaktaurs
  4 komodo dragons
  A kobold demonologist (D:14)
  2 freezing wraiths (D:14)
  An efreet (D:15)
  A tengu conjurer (Shoals:1)
  A merfolk (Shoals:1)
  A meliai (shapeshifter) (D:13)
  A meliai (D:14)
  10 polar bears (Lair:5)
  3 hornets
  Prince Ribbit (D:7)
  11 trolls
  2 slime creatures (D:13)
  12 blink frogs
  3 raiju (Lair:5)
  10 dream sheep
  4 shadows
  15 wyverns
  A spriggan (shapeshifter) (D:13)
  A water elemental (D:12)
  A vampire (D:9)
  2 wraiths
  2 hogs (D:14)
  18 yaks
  2 steam dragons
  8 vampire mosquitoes
  3 redbacks (Lair:5)
  4 basilisks
  14 wargs
  Duvessa (D:5)
  14 hell hounds
  23 orc warriors
  23 water moccasins
  Pargi (Sewer)
  An ice beast (D:6)
  An ogre (shapeshifter) (D:14)
  13 black bears
  31 wolves
  12 centaurs
  2 sky beasts (D:6)
  5 ogres
  A phantom (D:7)
  6 kobold brigands
  13 bullfrogs
  A necrophage (D:8)
  6 scorpions
  2 gnoll sergeants
  12 wights
  Dowan (D:5)
  5 killer bees (D:7)
  10 electric eels
  2 howler monkeys
  14 hounds
  A jelly (D:4)
  29 orc priests
  A gnoll bouda (D:6)
  An iguana (D:5)
  39 orc wizards
  A boggart skeleton (D:15)
  8 mummies (Ossuary)
  21 gnolls
  4 adders
  A shadow imp (D:7)
  A white imp (D:7)
  6 worms
  A dart slug (D:3)
  112 orcs
  10 bats
  3 endoplasms
  4 giant cockroaches
  14 hobgoblins
  4 jackals (D:2)
  3 quokkas
  4 ball pythons
  5 frilled lizards
  A gnoll zombie (Ossuary)
  6 goblins
  4 hobgoblin zombies (Ossuary)
  35 kobolds
  A kobold zombie (Ossuary)
  2 orc zombies (Ossuary)
  5 rats
  A bush (Lair:2)
823 creatures vanquished.

Vanquished Creatures (collateral kills)
  An ironbound preserver (D:13)
  The ghost of Fetysam the Nimble, a journeyman GnWn of Uskayaw (D:13)
  A boulder beetle (D:13)
  A centaur warrior (D:13)
  A manticore (D:13)
  2 slime creatures (D:13)
  An orc wizard (Orc:2)
  2 orcs (D:13)
10 creatures vanquished.

Vanquished Creatures (others)
  A wizard (D:15)
  3 humans (D:14)
  An orc wizard (Orc:2)
  4 orcs
  17 fungi
  92 plants
118 creatures vanquished.

Grand Total: 951 creatures vanquished

Notes
Turn   | Place    | Note
-------+----------+-------------------------------------------
     0 | D:1      | purpskrrrp the Gargoyle Fighter began the quest for the
                  | Orb.
     0 | D:1      | Reached XP level 1. HP: 14/14 MP: 1/1
    60 | D:1      | Reached XP level 2. HP: 19/19 MP: 2/2
   342 | D:1      | Found Bixul's Assorted Antiques.
   744 | D:2      | Reached XP level 3. HP: 19/24 MP: 3/3
   805 | D:2      | Reached skill level 3 in Maces & Flails
   878 | D:2      | Reached XP level 4. HP: 17/29 MP: 4/4
  1696 | D:3      | Found a glowing drain.
  1707 | D:3      | Reached XP level 5. HP: 27/33 MP: 5/5
  1727 | Sewer    | Entered a sewer
  1765 | Sewer    | Noticed Pargi
  1783 | Sewer    | Killed Pargi
  1784 | Sewer    | Reached skill level 4 in Maces & Flails
  1784 | Sewer    | Reached XP level 6. HP: 39/39 MP: 6/6
  2303 | D:3      | Found Qeus's Jewellery Shop.
  2709 | D:4      | Found a sand-covered staircase.
  2715 | Ossuary  | Entered an ossuary
  2750 | Ossuary  | Reached XP level 7. HP: 30/44 MP: 7/7
  2956 | D:4      | Reached skill level 5 in Fighting
  2956 | D:4      | Reached skill level 5 in Maces & Flails
  2993 | D:4      | Reached skill level 5 in Shields
  3053 | D:4      | Reached skill level 5 in Armour
  3399 | D:5      | Entered Level 5 of the Dungeon
  3578 | D:5      | Reached XP level 8. HP: 49/49 MP: 8/8
  3584 | D:5      | Reached skill level 6 in Maces & Flails
  3723 | D:5      | Noticed Dowan
  3726 | D:5      | Noticed Duvessa
  3735 | D:5      | Killed Dowan
  3753 | D:5      | Killed Duvessa
  4310 | D:1      | Bought a pair of masterwork gloves for 228 gold pieces
  4310 | D:1      | Identified the +0 pair of gloves of Resonance {*Corrode
                  | rC+++ Will++} (You bought it in a shop on level 1 of the
                  | Dungeon)
  4310 | D:1      | Bought a scroll of enchant weapon for 180 gold pieces
  4310 | D:1      | Bought a scroll of identify for 48 gold pieces
  4314 | D:1      | Gained mutation: You have an increased reservoir of magic.
                  | (+10% MP) [potion of mutation]
  4314 | D:1      | Gained mutation: You have a somewhat thin skeletal
                  | structure. (Dex +2, Stealth+) [potion of mutation]
  4645 | D:6      | Noticed a wyvern
  4653 | D:6      | Killed a wyvern
  4654 | D:6      | Reached skill level 7 in Maces & Flails
  4712 | D:6      | Reached XP level 9. HP: 56/56 MP: 9/9
  4761 | D:6      | Found an opulent altar of Gozag.
  4916 | D:6      | Found a staircase to the Ecumenical Temple.
  4951 | Temple   | Entered the Ecumenical Temple
  5175 | Temple   | Became a worshipper of Trog the Wrathful
  5251 | D:6      | Identified the ring of Laddoega {rC+ Str+6}
  5487 | D:7      | Noticed Prince Ribbit
  5496 | D:7      | Killed Prince Ribbit
  5497 | D:7      | Reached skill level 8 in Maces & Flails
  5712 | D:7      | Noticed a hornet
  5727 | D:7      | Killed a hornet
  5734 | D:7      | Reached * piety under Trog
  5998 | D:7      | Noticed a manticore
  6009 | D:7      | Killed a manticore
  6010 | D:7      | Reached skill level 9 in Maces & Flails
  6010 | D:7      | Reached XP level 10. HP: 51/63 MP: 11/11
  6657 | D:8      | Noticed Joseph
  6803 | D:7      | Found a sparkling altar of Nemelex Xobeh.
  7018 | D:8      | Lost mutation: You have a somewhat thin skeletal structure.
                  | (Dex +2, Stealth+) [potion of mutation]
  7018 | D:8      | Lost mutation: You have an increased reservoir of magic.
                  | (+10% MP) [potion of mutation]
  7018 | D:8      | Gained mutation: You are strong-willed. (Will+) [potion of
                  | mutation]
  7018 | D:8      | Gained mutation: You are covered in fur. (AC +1) [potion of
                  | mutation]
  7034 | D:8      | Killed Joseph
  7307 | D:8      | Reached ** piety under Trog
  7375 | D:9      | Reached skill level 10 in Maces & Flails
  7441 | D:9      | Noticed a two-headed ogre
  7451 | D:9      | Killed a two-headed ogre
  7503 | D:9      | Found a flagged portal.
  7514 | D:9      | Identified the +1 long sword of the Shark {antimagic, rC+
                  | Will- Int+3}
  7518 | Bailey   | Entered a bailey
  7584 | Bailey   | Reached XP level 11. HP: 68/71 MP: 11/11
  7592 | Bailey   | Reached skill level 11 in Maces & Flails
  7655 | Bailey   | Reached *** piety under Trog
  7673 | Bailey   | Noticed an orc knight
  7684 | Bailey   | Killed an orc knight
  8157 | D:9      | Found a staircase to the Orcish Mines.
  8427 | D:10     | Entered Level 10 of the Dungeon
  8579 | D:10     | Reached **** piety under Trog
  8610 | D:10     | Lost mutation: You are strong-willed. (Will+) [potion of
                  | mutation]
  8610 | D:10     | Lost mutation: You are covered in fur. (AC +1) [potion of
                  | mutation]
  8610 | D:10     | Gained mutation: You have an increased reservoir of magic.
                  | (+10% MP) [potion of mutation]
  8610 | D:10     | Gained mutation: You occasionally lose the ability to drink
                  | potions when taking damage. [potion of mutation]
  8610 | D:10     | Gained mutation: You have hidden genetic defects. [potion
                  | of mutation]
  8611 | D:10     | Lost mutation: You have an increased reservoir of magic.
                  | (+10% MP) [potion of mutation]
  8611 | D:10     | Lost mutation: You occasionally lose the ability to drink
                  | potions when taking damage. [potion of mutation]
  8611 | D:10     | Lost mutation: You have hidden genetic defects. [potion of
                  | mutation]
  8611 | D:10     | Gained mutation: You are partially covered in iridescent
                  | scales. (AC +2) [potion of mutation]
  8611 | D:10     | Gained mutation: Your muscles are strong. (Str +4, Int/Dex
                  | -1) [potion of mutation]
  8906 | D:10     | Noticed Urug
  8913 | D:10     | Killed Urug
  8914 | D:10     | Reached skill level 12 in Maces & Flails
  8956 | D:10     | Found a blossoming altar of Fedhas.
  9041 | D:10     | Found a shimmering altar of Xom.
  9665 | D:11     | Reached skill level 10 in Fighting
  9692 | D:11     | Reached skill level 10 in Armour
  9777 | D:11     | Noticed a cyan ugly thing
  9780 | D:11     | Found a staircase to the Lair.
  9780 | D:11     | Noticed a cyclops
  9789 | D:11     | Reached ***** piety under Trog
  9791 | D:11     | Killed a cyclops
  9949 | D:11     | Killed a cyan ugly thing
  9950 | D:11     | Reached XP level 12. HP: 78/78 MP: 12/12
  9999 | D:11     | Noticed a boulder beetle
 10007 | D:11     | Killed a boulder beetle
 10008 | D:11     | Reached skill level 13 in Maces & Flails
 10197 | D:11     | Identified a scroll of acquirement
 10197 | D:11     | Acquired a +2 antimagic eveningstar
 10309 | D:12     | Noticed a boulder beetle
 10551 | D:12     | Killed a boulder beetle
 10759 | D:12     | Noticed a boulder beetle
 10777 | D:12     | Killed a boulder beetle
 10984 | D:12     | Noticed a two-headed ogre
 11002 | D:12     | Killed a two-headed ogre
 11379 | D:12     | Upgraded the game from 0.30-a0-390-g80c34de65d to
                  | 0.30-a0-457-g4b7bca3bfa
 11598 | D:13     | Noticed a boulder beetle
 11618 | D:13     | Noticed a centaur warrior
 11619 | D:13     | Noticed an ironbound preserver
 11620 | D:13     | Found a gate to the Vaults.
 11630 | D:13     | Killed a boulder beetle
 11630 | D:13     | Killed a centaur warrior
 11638 | D:13     | Reached skill level 14 in Maces & Flails
 11638 | D:13     | Killed an ironbound preserver
 11730 | D:13     | Noticed a two-headed ogre
 11823 | D:13     | Reached XP level 13. HP: 84/84 MP: 4/13
 11960 | D:13     | Noticed Fetysam's ghost (journeyman GnWn)
 11960 | D:13     | Found a runed translucent gate.
 11960 | D:13     | Found a runed translucent gate.
 11960 | D:13     | Found a runed translucent gate.
 12085 | D:13     | Found an ornate altar of the Wu Jian Council.
 12384 | D:14     | Identified the amulet of Ruliuq {Faith Harm +Inv rF+ Str+3}
 12852 | D:14     | Noticed a rakshasa
 12880 | D:14     | Killed a rakshasa
 13181 | D:14     | Reached skill level 15 in Maces & Flails
 13304 | D:14     | Noticed Kirke
 13324 | D:14     | Killed Kirke
 13325 | D:14     | Reached skill level 10 in Shields
 13382 | D:14     | Noticed a yaktaur captain
 13399 | D:14     | Killed a yaktaur captain
 13553 | D:14     | Gained mutation: Your large and strong wings let you fly.
                  | [Gargoyle growth]
 13553 | D:14     | Reached XP level 14. HP: 86/92 MP: 4/14
 13751 | D:14     | Noticed a sphinx
 13767 | D:14     | Killed a sphinx
 13768 | D:14     | Reached skill level 16 in Maces & Flails
 13905 | D:14     | Identified the +0 rapier of Gluttony {flame, rElec rPois
                  | rN+}
 14228 | D:14     | Received a gift from Trog
 14310 | D:15     | Entered Level 15 of the Dungeon
 14741 | D:15     | Found a portal to a secret trove of treasure.
 14795 | D:15     | Found a shimmering blue altar of Sif Muna.
 14805 | D:15     | Got Sif Muna's Writings on the Tempest
 14807 | D:15     | Got Sif Muna's Teachings on Enchantment
 14809 | D:15     | Got Sif Muna's Volume of Transmogrification
 15391 | D:15     | Found a staircase to the Depths.
 15653 | Lair:1   | Entered Level 1 of the Lair of Beasts
 15697 | Lair:1   | Noticed Maggie
 15705 | Lair:1   | Killed Maggie
 15875 | Lair:1   | Received a gift from Trog
 16133 | Lair:1   | Noticed Nergalle
 16138 | Lair:1   | Killed Nergalle
 16579 | Lair:1   | HP: 3/94 [death yak (16)]
 16610 | Lair:1   | Reached skill level 17 in Maces & Flails
 16614 | Lair:1   | Reached XP level 15. HP: 46/100 MP: 5/15
 16856 | Lair:2   | Found a hole to the Spider Nest.
 17610 | Lair:2   | Identified the +6 hand axe "Iruycu" {vamp, Int-2 SInv
                  | Stlth+}
 18561 | Lair:3   | Found a staircase to the Shoals.
 18795 | Lair:4   | Reached ****** piety under Trog
 19430 | Lair:5   | Entered Level 5 of the Lair of Beasts
 19789 | Lair:5   | Received a gift from Trog
 19880 | Lair:5   | Identified the ring of Zoosein {rPois MP+9 Str+3 Int-4
                  | SInv}
 19904 | Lair:5   | Reached skill level 18 in Maces & Flails
 20034 | Lair:5   | Identified the ring of Xom's Full Attention {rCorr Str+6
                  | Slay+3}
 20250 | Lair:5   | Reached XP level 16. HP: 107/107 MP: 5/16
 20298 | Lair:5   | Received a gift from Trog
 20531 | Lair:5   | Found a viscous altar of Jiyva.
 20531 | Lair:5   | Found a staircase to the Slime Pits.
 20650 | Lair:5   | Identified the +8 flail of the Fray {venom, MP-9 Str+2
                  | Int+4 SInv}
 20833 | Orc:1    | Entered Level 1 of the Orcish Mines
 20866 | Orc:1    | Found a dark tunnel.
 20881 | Volcano  | Entered a volcano
 20925 | Volcano  | Found a bloodstained altar of Trog.
 21017 | Volcano  | Identified the +0 helmet "Teitenlopp" {rN+}
 21519 | Orc:2    | Entered Level 2 of the Orcish Mines
 21519 | Orc:2    | Found a staircase to the Elven Halls.
 21525 | Orc:2    | Received a gift from Trog
 21577 | Orc:2    | Found Sifeda's Antique Weapon Shop.
 21722 | Orc:2    | Reached skill level 15 in Fighting
 21839 | Orc:2    | Reached skill level 15 in Armour
 22126 | Orc:2    | Received a gift from Trog
 22206 | Orc:2    | Reached skill level 1 in Stealth
 22300 | Orc:2    | Found Nuepanog's Weapon Shoppe.
 22300 | Orc:2    | Found Ihainira's Antique Armour Emporium.
 22314 | Orc:2    | Found Oroigal's Magic Scroll Shoppe.
 22314 | Orc:2    | Found Cian's Book Emporium.
 22325 | Orc:2    | Bought a smelly plate armour for 476 gold pieces
 22325 | Orc:2    | Identified the +1 plate armour of Moqul {rN+ Will+ rCorr
                  | Int-2} (You bought it in a shop on level 2 of the Orcish
                  | Mines)
 22327 | Orc:2    | Bought a scroll of enchant armour for 105 gold pieces
 22327 | Orc:2    | Bought a scroll of summoning for 133 gold pieces
 22703 | D:13     | Killed Fetysam's ghost
 22743 | D:13     | Received a gift from Trog
 22912 | Shoals:1 | Entered Level 1 of the Shoals
 23046 | Shoals:1 | Found Merul's Antique Weapon Shop.
 23144 | Shoals:1 | Noticed a kraken
 23156 | Shoals:1 | Slain by a kraken

Illustrated notes

Levels and vault maps discovered:
D:1:      minmay_arrival_cross, layout_basic, serial_shops, shop,
          minmay_tiny_reverse_x
D:2:      layout_basic, serial_rivers, chequers_serial_rivers_micro_a,
          chequers_serial_rivers_micro_a, chequers_serial_rivers_micro_c,
          chequers_serial_rivers_micro_e, chequers_serial_rivers_micro_a,
          chequers_serial_rivers_small_a, st_stairs_5
D:3:      layout_loops_ring, serial_shops, shop, cheibrodos_sewer_entry_drain
D:4:      layout_basic, lightli_ossuary_entry_decrepit_ruins
D:5:      layout_basic, serial_rivers, chequers_serial_rivers_small_b,
          chequers_serial_rivers_micro_a, chequers_serial_rivers_marsh,
          chequers_serial_rivers_small_3, uniq_duvessa
D:6:      layout_basic, mainiacjoe_overflow_brackets, minmay_temple_entry_grid
D:7:      layout_basic, nicolae_overflow_hidden_temple, uniq_prince_ribbit1
D:8:      kennysheep_housing_project, layout_cave_pools, uniq_joseph
D:9:      layout_basic, hiddenorc2_lemuel, enter_bailey_2, serial_glass,
          glass_columns_c, glass_columns_b
D:10:     layout_long_grid, mainiacjoe_overflow_swirl, uniq_urug
D:11:     layout_roguey, erik_lair_island
D:12:     layout_basic, st_stairs_1
D:13:     layout_loops_ring, skrybe_vaults_entry_preservation,
          biasface_ghost_orc_armoury, pdpol_wu_jian_five_deadly_venoms
D:14:     layout_stronghold, nicolae_rejected_hall, uniq_kirke
D:15:     grunt_enter_depths_magical_seal, layout_loops_corners, enter_trove_6,
          kennysheep_flooded_box, nicolae_sif_muna_little_library
Temple:   regret_index_temple_chain_breaker
Lair:1:   layout_hall_layers, grunt_megastairs_5, uniq_nergalle, uniq_maggie
Lair:2:   layout_regular_city, dummy_spider_entry, serial_forest,
          infiniplex_forest_clump_long, infiniplex_forest_end_1,
          infiniplex_forest_straight_1, infiniplex_forest_straight_3,
          infiniplex_forest_split, infiniplex_forest_straight_3,
          infiniplex_forest_lined_4_way, beast_lair_carwin_11
Lair:3:   layout_concentric_octagons, minmay_shoals_entry_centaurs
Lair:4:   layout_regular_city
Lair:5:   hangedman_lair_tendril_chambers, layout_hall_layers,
          hangedman_lair_caniforms_friends, slime_entry_1, lemuel_fruit_tree
Shoals:1: layout_shoals, serial_shops, shop, nicolae_square_shop, kb_tengu_band,
          uniq_roxanne
Orc:1:    layout_caves, enter_volcano_3
Orc:2:    st_orc_mages, layout_caves, serial_shops, nicolae_shop_hallway_plus,
          basic_altar, lightli_orcish_oven

Skill      XL: |  1  2  3  4  5  6  7  8  9 10 11 12 13 14 15 16 |
---------------+-------------------------------------------------+-----
Maces & Flails | 3 4 5 7 9 10 12 14 15 17 18 | 18.9
Shields        | 4 5 6 7 8 10 11 12 13 | 13.4
Fighting       | 4 5 6 7 9 10 11 12 13 14 15 | 15.1
Armour         | 4 5 6 7 9 10 11 12 13 14 15 | 15.1
Stealth        | 2 |  2.4

Action                   |  1- 3 |  4- 6 |  7- 9 | 10-12 | 13-15 | 16-18 || total
-------------------------+-------+-------+-------+-------+-------+-------++-------
Melee: Flail             |    67 |   149 |       |       |       |       ||   216
       Great mace        |       |    35 |   304 |   460 |       |       ||   799
       Eveningstar       |       |       |       |   145 |   881 |   384 ||  1410
Invok: Berserk           |       |       |       |     3 |     7 |     2 ||    12
       Trog's Hand       |       |       |       |     2 |       |       ||     2
       Brothers in Arms  |       |       |       |     2 |     3 |     3 ||     8
Evoke: Wand              |       |       |    15 |    33 |    11 |       ||    59
  Use: Scroll            |       |    13 |     7 |    28 |     6 |     3 ||    57
       Potion            |       |     4 |     5 |     7 |    10 |     3 ||    29
 Stab: Sleeping          |       |       |     1 |     1 |       |       ||     2
       Invisible         |       |       |       |       |     1 |       ||     1
Armor: Scale mail        |    40 |    76 |       |       |       |       ||   116
       Troll leather arm |       |    52 |   244 |   477 |   467 |   199 ||  1439
       Skin              |       |       |    25 |       |       |       ||    25
Dodge: Dodged            |    37 |   131 |   225 |   303 |   305 |   168 ||  1169
Block: Buckler           |    18 |    38 |       |    55 |   230 |   128 ||   469
       Other             |       |       |       |   128 |       |       ||   128
       Reflection        |       |       |       |     8 |       |       ||     8

Table legend: (Time is in decaauts)
 A = Elapsed time spent in this place.
 B = Non-inter-level travel time spent in this place.
 C = Inter-level travel time spent in this place.
 D = Time resting spent in this place.
 E = Time spent auto-exploring this place.
 F = Levels seen in this place.
 G = Mean time per level.
                   A        B        C        D        E       F      G
               +--------+--------+--------+--------+--------+-----+--------+
         Total |  23171 |  19673 |   3498 |   1388 |  11648 |  28 |  827.5 |
       Dungeon |  15323 |  12641 |   2682 |    843 |   7394 |  15 | 1021.5 |
        Temple |    229 |    152 |     77 |      0 |    110 |   1 |  229.0 |
          Lair |   5000 |   4418 |    582 |    189 |   3016 |   5 | 1000.0 |
        Shoals |    237 |    237 |      0 |     10 |    131 |   1 |  237.0 |
  Orcish Mines |   1491 |   1336 |    155 |    225 |    685 |   2 |  745.5 |
         Sewer |    138 |    138 |      0 |      0 |     36 |   1 |  138.0 |
       Ossuary |    244 |    244 |      0 |     21 |    117 |   1 |  244.0 |
        Bailey |    317 |    317 |      0 |    100 |     43 |   1 |  317.0 |
       Volcano |    189 |    189 |      0 |      0 |    116 |   1 |  189.0 |
               +--------+--------+--------+--------+--------+-----+--------+

Top non-repeatable levels by time:
    D:14: 1999 daAuts
    D:15: 1227 daAuts
  Lair:1: 1207 daAuts
    D:12: 1193 daAuts
  Lair:2: 1108 daAuts
     D:7: 1098 daAuts
  Lair:5: 1082 daAuts
     D:5: 1076 daAuts
     D:2: 1064 daAuts
    D:13: 1061 daAuts
     D:8: 952 daAuts
     D:3: 901 daAuts
     D:9: 889 daAuts
  Lair:4: 854 daAuts
    D:11: 834 daAuts
